 Dungeon Crawl Stone Soup version 0.19.5 (webtiles) character file.

795 RaHiT the Magician (level 7, 0/46 HPs)
             Began as a Mummy Conjurer on Apr 12, 2017.
             Slain by flt's ghost (11 damage)
             ... on level 5 of the Dungeon.
             The game lasted 00:21:57 (6150 turns).

RaHiT the Magician (Mummy Conjurer)                 Turns: 6150, Time: 00:21:58

Health: 0/46       AC:  2    Str: 11    XL:     7   Next: 58%
Magic:  7/17       EV: 12    Int: 17    God:
Gold:   297        SH:  0    Dex: 12    Spells: 4 memorised, 8 levels left

rFire  x . .     SeeInvis .     h - +0 spear
rCold  + . .     Gourm    .     a - +0 robe
rNeg   + + +     Faith    .     (no shield)
rPois  ∞         Spirit   .     (no helmet)
rElec  .         Reflect  .     (no cloak)
rCorr  .         Harm     .     (no gloves)
MR     .....                    (no boots)
Stlth  ++........               (no amulet)
                                (no ring)
                                (no ring)

@: no status effects
A: no food or potions, fire vulnerability, cold resistance 1, negative energy
resistance 3, torment resistance, unbreathing
a: no special abilities


You were on level 5 of the Dungeon.
You were not hungry.

You visited 1 branch of the dungeon, and saw 6 of its levels.

You collected 297 gold pieces.

Inventory:

Hand Weapons
 h - a +0 spear (weapon)
 m - a +0 hunting sling
Missiles
 g - 71 stones (quivered)
 o - 39 sling bullets
Armour
 a - a +0 robe (worn)
 j - a +0 large shield
Wands
 p - a wand of disintegration (13/24)
Scrolls
 c - a scroll of amnesia
 d - 3 scrolls of immolation
 e - 2 scrolls of enchant armour
 f - 2 scrolls of fog
 i - a scroll of recharging
 k - 2 scrolls of enchant weapon {unknown}
 l - 2 scrolls of remove curse {unknown}
 n - 2 scrolls of noise {unknown}
 q - a scroll of magic mapping {unknown}
Books
 b - a book of Conjurations

   Spells                             Type                      Level
   a - Magic Dart                     Conjuration                  1
   b - Searing Ray                    Conjuration                  2
   c - Dazzling Spray                 Conjuration/Hexes            3
   d - Fulminant Prism                Conjuration/Hexes            4
   e - Iskenderun's Mystic Blast      Conjuration                  4
   f - Iskenderun's Battlesphere      Conjuration/Charms           5


   Skills:
 - Level 1.5 Dodging
 - Level 1.5 Stealth
 - Level 7.0 Spellcasting
 * Level 4.8 Conjurations


You had 8 spell levels left.
You knew the following spells:

 Your Spells              Type           Power        Failure   Level  Hunger
a - Magic Dart            Conj           ###.         1%          1    N/A
b - Iskenderun's Mystic   Conj           ###.....     17%         4    N/A
c - Iskenderun's Battles  Conj/Chrm      ##......     95%         5    N/A
q - Searing Ray           Conj           ###...       2%          2    N/A

Dungeon Overview and Level Annotations

Branches:
Dungeon (6/15)
 Temple: D:4-7

Altars:
Cheibriados
Gozag
Hepliaklqana
Kikubaaqudgha
Nemelex Xobeh
Okawaru
Qazlal
The Shining One

Annotations:
D:5 flt's ghost, novice MfMo


Innate Abilities, Weirdness & Mutations

You do not eat or drink.
Your flesh is vulnerable to fire.
You are immune to poison.
Your flesh is cold resistant. (rC+)
You are immune to negative energy. (rN+++)
You are immune to unholy pain and torment.
You can survive without breathing.


Message History

The floor.
There is a stone staircase leading up here.
Casting: Searing Ray
Confirm with . or Enter, or press ? or * to list all spells.
Aiming: Searing Ray
Press: ? - help, Shift-Dir - straight line, f - flt's ghost
Aim: flt's ghost (lightly damaged)
The searing ray misses flt's ghost. (Press . to maintain the ray.) Flt's ghost completely misses you.
The searing ray hits flt's ghost.
Flt's ghost is lightly damaged.
Flt's ghost hits you!
The searing ray misses flt's ghost.
Flt's ghost hits you.
The searing ray hits flt's ghost.
Flt's ghost is moderately damaged.
You finish channeling your searing ray.
Flt's ghost hits you!
* * * LOW HITPOINT WARNING * * *
Flt's ghost hits you!
You die...

.. ..#
h.#####
..#
.#...
... #.#
#.# #.#
#W# #@#
###


You could see flt's ghost.

Vanquished Creatures
  The ghost of flt the Ducker, an amateur MfMo of Okawaru (D:3)
  A crimson imp (D:5)
  2 hounds
  A jelly (D:6)
  3 orc priests (D:3)
  An iguana (D:4)
  An orc wizard (D:5)
  5 worker ants (D:4)
  7 adders
  3 gnolls (D:2)
  3 worms
  A dart slug (D:3)
  6 leopard geckos
  9 orcs
  10 giant cockroaches
  11 goblins
  5 hobgoblins
  9 jackals
  8 kobolds
  3 ball pythons
  4 bats
  7 frilled lizards
  A leopard gecko skeleton (D:5)
  9 rats
111 creatures vanquished.

Notes
Turn   | Place    | Note
-------+----------+-------------------------------------------
     0 | D:1      | RaHiT the Mummy Conjurer began the quest for the Orb.
     0 | D:1      | Reached XP level 1. HP: 13/13 MP: 3/3
   401 | D:1      | Reached XP level 2. HP: 19/19 MP: 2/5
   405 | D:1      | Learned a level 2 spell: Searing Ray
   760 | D:1      | Reached skill level 3 in Spellcasting
  1203 | D:2      | Found a faded altar of an unknown god.
  1237 | D:2      | Reached XP level 3. HP: 18/24 MP: 4/7
  1321 | D:2      | Found a faded altar of an unknown god.
  1321 | D:2      | Found a faded altar of an unknown god.
  1326 | D:2      | Found a faded altar of an unknown god.
  1335 | D:2      | Found an opulent altar of Gozag.
  1336 | D:2      | Found a faded altar of an unknown god.
  2025 | D:2      | Reached skill level 4 in Spellcasting
  2132 | D:2      | Reached XP level 4. HP: 30/30 MP: 6/10
  2258 | D:2      | Found a sparkling altar of Nemelex Xobeh.
  2764 | D:2      | Learned a level 4 spell: Iskenderun's Mystic Blast
  3007 | D:3      | Noticed flt's ghost (amateur MfMo)
  3150 | D:3      | Killed flt's ghost
  3150 | D:3      | Reached skill level 6 in Spellcasting
  3150 | D:3      | Reached XP level 5. HP: 14/35 MP: 1/13
  3150 | D:3      | Reached XP level 6. HP: 16/41 MP: 1/15
  3339 | D:3      | Learned a level 5 spell: Iskenderun's Battlesphere
  3446 | D:3      | Found an iron altar of Okawaru.
  4889 | D:4      | Found an ancient bone altar of Kikubaaqudgha.
  4938 | D:4      | Reached skill level 7 in Spellcasting
  4951 | D:4      | Reached XP level 7. HP: 43/46 MP: 7/17
  5078 | D:4      | Found a snail-covered altar of Cheibriados.
  5224 | D:4      | Found a stormy altar of Qazlal.
  5456 | D:4      | You fall through a shaft for 2 floors!
  5465 | D:6      | Found a hazy altar of Hepliaklqana.
  5533 | D:5      | Entered Level 5 of the Dungeon
  5773 | D:5      | Found a glowing golden altar of the Shining One.
  6143 | D:5      | Noticed flt's ghost (novice MfMo)
  6150 | D:5      | Slain by flt's ghost

Skill      XL: |  1  2  3  4  5  6  7 |
---------------+----------------------+-----
Spellcasting   | 3 4 6 7 |  7.0
Conjurations   | 4 |  4.8
Dodging        | |  1.5
Stealth        | |  1.5

Action                   |  1- 3 |  4- 6 |  7- 9 || total
-------------------------+-------+-------+-------++-------
Melee: Spear             |    33 |    64 |    13 ||   110
 Cast: Magic Dart        |    64 |    64 |    26 ||   154
       Searing Ray       |     6 |    19 |    14 ||    39
  Use: Scroll            |     4 |     1 |       ||     5
 Stab: Sleeping          |       |     4 |       ||     4
Armor: Robe              |     6 |    15 |     3 ||    24
Dodge: Dodged            |    28 |    57 |    23 ||   108
